[Event "Titled Tuesday Blitz April 26 Early 2022"]
[White "Wagner, Dennis"]
[Black "Guliev, Logman"]
[WhiteFideId "24650684"]
[BlackFideId "13400061"]
[WhiteElo "2355"]
[BlackElo "2128"]
[Result "0-1"]
[Round "03"]
[TimeControl "180+1"]
[Date "2022.04.26"]
[WhiteClock "0:00:11"]
[BlackClock "0:00:19"]

1. d4 Nf6 2. c4 g6 3. Nc3 Bg7 4. Nf3 d6 5. Bg5 O-O 6. e3 c5 7. d5 h6 8. Bh4 a6 9. a4 e6 10. Be2 exd5 11. cxd5 Re8 12. Nd2 Nbd7 13. O-O Qc7 14. Rc1 b6 15. h3 Bb7 16. e4 Nf8 17. Bg3 N8h7 18. Nc4 Bf8 19. Bd3 Ng5 20. Re1 Rad8 21. f4 Ngh7 22. Qf3 Bg7 23. Kh1 Nh5 24. Bh2 Bxc3 25. Rxc3 b5 26. axb5 axb5 27. Ne3 c4 28. Bb1 Qa5 29. e5 dxe5 30. fxe5 Ng5 31. Qg4 Bxd5 32. Nxd5 Rxd5 33. e6 f5 34. Qe2 Rxe6 35. Re3 Rxe3 36. Qxe3 Nf6 37. Qe7 Nge4 38. Rf1 Qd8 39. Qe6+ Kh7 40. Bxe4 Nxe4 41. Be5 Ng5 42. Qf6 Qxf6 43. Bxf6 Ne4 44. Be7 Ng3+ 45. Kg1 Nxf1 46. Kxf1 Rd2 47. Bf6 b4 48. g4 fxg4 49. hxg4 g5 50. Ke1 Rg2 51. Be5 Rxg4 52. Kf2 Re4 53. Bd6 c3 54. Bxb4 Rxb4 55. bxc3 Rc4 56. Kg3 Rxc3+ 57. Kg4 Rc4+ 58. Kh5 Kg8 59. Kg6 g4 60. Kh5 g3 61. Kg6 g2 62. Kh5 g1=Q 0-1


[Site "https://www.chess.com"]

[Event "Titled Tuesday Blitz April 26 Early 2022"]
[White "Winkels, Marcel"]
[Black "Toncheva, Nadya"]
[WhiteFideId "1003887"]
[BlackFideId "2924056"]
[WhiteElo "1900"]
[BlackElo "1884"]
[Result "0-1"]
[Round "03"]
[TimeControl "180+1"]
[Date "2022.04.26"]
[WhiteClock "0:00:02"]
[BlackClock "0:00:04"]

1. e4 Nf6 2. e5 Nd5 3. d4 b5 4. Bxb5 c5 5. Be2 e6 6. Nf3 Bb7 7. O-O Be7 8. c3 O-O 9. Nbd2 d6 10. exd6 Bxd6 11. dxc5 Bxc5 12. Nb3 Bb6 13. c4 Nb4 14. c5 Bc7 15. Bg5 Qe8 16. a3 Nd5 17. Rc1 h6 18. Bh4 Nf4 19. Bg3 Qa4 20. Nbd4 Qxd1 21. Bxd1 Ba6 22. Re1 Nd3 23. Bxc7 Nxc1 24. Bc2 Nd3 25. Re3 Nxc5 26. Bd6 Rc8 27. Bxc5 Rxc5 28. Be4 Nc6 29. Bxc6 Rd8 30. h4 e5 31. Nf5 g6 32. Ne7+ Kf8 33. Nxe5 Rc1+ 34. Kh2 Kxe7 35. Nd3+ Kd6 36. Nxc1 Kxc6 37. Rc3+ Kb7 38. Kg3 Bb5 39. Nb3 Bc6 40. Nc5+ Kb6 41. b4 Rd4 42. Nd3 h5 43. f3 Rd6 44. Nf4 Rf6 45. Nh3 Rd6 46. Ng5 Bd5 47. Rd3 Kc6 48. Rc3+ Kd7 49. Rc5 Be6 50. Ne4 Rd5 51. Rxd5+ Bxd5 52. Kf4 Ke6 53. Nc5+ Kd6 54. Ke3 Ba8 55. Kd4 f6 56. Ne4+ Ke6 57. Nc5+ Kd6 58. a4 g5 59. hxg5 fxg5 60. Nd3 h4 61. Ne1 Ke6 62. Ke3 Kf5 63. Nd3 g4 64. fxg4+ Kxg4 65. Nf2+ Kg3 0-1


[Site "https://www.chess.com"]

[Event "Titled Tuesday Blitz April 26 Early 2022"]
[White "Xiong, Jeffery"]
[Black "Aaditya Dhingra"]
[WhiteFideId "2047640"]
[BlackFideId "25678191"]
[WhiteElo "2727"]
[BlackElo "1849"]
[Result "1-0"]
[Round "03"]
[TimeControl "180+1"]
[Date "2022.04.26"]
[WhiteClock "0:02:49"]
[BlackClock "0:01:28"]

1. e4 e5 2. Nf3 Nc6 3. Nc3 Nf6 4. d4 exd4 5. Nxd4 Bb4 6. Nxc6 bxc6 7. Bd3 d5 8. exd5 cxd5 9. O-O O-O 10. h3 c6 11. Qf3 Be6 12. Bf4 Bd6 13. Ne2 Rb8 14. b3 Re8 15. Rfd1 Qc7 16. c4 dxc4 17. Bxd6 Qxd6 18. Bxh7+ Nxh7 19. Rxd6 cxb3 20. axb3 Bd5 21. Rxd5 cxd5 22. Rxa7 Nf6 23. Nd4 Re1+ 24. Kh2 1-0


[Site "https://www.chess.com"]

[Event "Titled Tuesday Blitz April 26 Early 2022"]
[White "Zhigalko, Sergei"]
[Black "Martin Carmona, Gaston Manuel"]
[WhiteFideId "13502956"]
[BlackFideId "22284567"]
[WhiteElo "2662"]
[BlackElo "2146"]
[Result "1-0"]
[Round "03"]
[TimeControl "180+1"]
[Date "2022.04.26"]
[WhiteClock "0:00:02"]
[BlackClock "0:00:02"]

1. e4 c5 2. Nf3 d6 3. d4 cxd4 4. Qxd4 Nc6 5. Bb5 Bd7 6. Bxc6 Bxc6 7. Nc3 Nf6 8. Bg5 e6 9. O-O-O Be7 10. Rhe1 O-O 11. Kb1 h6 12. Bh4 b5 13. Bxf6 Bxf6 14. Qxd6 Qb6 15. Ne5 Bxe5 16. Qxe5 b4 17. Ne2 Qxf2 18. Nf4 Rac8 19. Nh5 f6 20. Qxe6+ Kh8 21. Qg4 Qxc2+ 22. Ka1 Rc7 23. Nf4 Bxe4 24. Ne6 Bf5 25. Qxb4 Bxe6 26. Qxf8+ Kh7 27. Qb4 Bf5 28. Qd2 Qa4 29. Rc1 Rd7 30. Qc3 Bg6 31. g3 Bf7 32. b3 Qa6 33. Rc2 Bg6 34. Rd2 Rb7 35. Rc1 Bf7 36. Kb2 Qb6 37. Qd3+ Bg6 38. Qd4 Qb5 39. Qc3 a5 40. Qc4 Qb6 41. Qd4 Qb5 42. Ka1 Rb6 43. h4 h5 44. g4 hxg4 45. Qxg4 Qe5+ 46. Qd4 Qe6 47. Rg1 a4 48. Qxa4 Rc6 49. Qd4 Ra6 50. Kb2 Ra5 51. Rdg2 Qa6 52. a4 1-0


[Site "https://www.chess.com"]

[Event "Titled Tuesday Blitz April 26 Early 2022"]
[White "Zia, Tahsin Tajwar"]
[Black "Mihailidis, Anastasios"]
[WhiteFideId "10211888"]
[BlackFideId "4205588"]
[WhiteElo "1800"]
[BlackElo "2312"]
[Result "0-1"]
[Round "03"]
[TimeControl "180+1"]
[Date "2022.04.26"]
[WhiteClock "0:00:09"]
[BlackClock "0:00:04"]

1. d4 d5 2. Bf4 Nf6 3. e3 e6 4. Nf3 Bd6 5. Nbd2 O-O 6. Ne5 c5 7. c3 Nc6 8. Bd3 Bxe5 9. dxe5 Nd7 10. Nf3 f5 11. exf6 Nxf6 12. Be5 Ng4 13. Bg3 Nf6 14. h4 Qe7 15. Ne5 Nxe5 16. Bxe5 Qf7 17. Qf3 c4 18. Bc2 Nd7 19. Qxf7+ Rxf7 20. Bg3 Nf6 21. f3 Bd7 22. h5 Bc6 23. h6 g6 24. O-O-O Re8 25. b4 e5 26. Kb2 b5 27. a4 a6 28. axb5 axb5 29. Ra1 e4 30. f4 Ng4 31. Rae1 Ra8 32. Bd1 Rfa7 33. Kc1 Ra1+ 34. Kd2 R8a2+ 35. Bc2 Rxe1 36. Rxe1 Nxh6 37. Bh4 Nf5 38. Bf2 Kf7 39. g4 Ne7 40. Bh4 Bd7 41. Rg1 Nc6 42. Kc1 Ra1+ 43. Bb1 Ra3 44. Kb2 Ra8 45. Bf2 Ne7 46. Rh1 Kg7 47. Rg1 Rf8 48. Bh4 Rf7 49. Bc2 Nc6 50. Rd1 Be6 51. Rd2 h6 52. Bd1 Ra7 53. g5 h5 54. Rg2 Ne7 55. Rd2 Nf5 56. Bf2 h4 57. Bg1 h3 58. Be2 Ng3 59. Bh2 Nf5 60. Bf1 Nxe3 61. Be2 Ng4 62. Bxg4 Bxg4 63. Rxd5 Re7 64. Re5 Rxe5 65. fxe5 e3 66. Kc2 Kf7 67. Bg3 Ke6 68. Bh2 Kf5 69. Bg3 Ke4 70. e6 Bxe6 71. Kd1 Kf3 72. Be5 Kf2 73. Bd4 h2 74. Kc2 h1=Q 75. Bxe3+ Kxe3 76. Kb2 Qd1 77. Ka3 Qb3# 0-1


[Site "https://www.chess.com"]

[Event "Titled Tuesday Blitz April 26 Early 2022"]
[White "talman67"]
[Black "Vagman, Roy"]
[BlackFideId "2828995"]
[WhiteElo "2132"]
[BlackElo "1927"]
[Result "1-0"]
[Round "03"]
[TimeControl "180+1"]
[Date "2022.04.26"]
[WhiteClock "0:02:11"]
[BlackClock "0:00:41"]

1. e4 c5 2. Nf3 d6 3. d4 cxd4 4. Nxd4 Nf6 5. Nc3 g6 6. Be3 Bg7 7. f3 O-O 8. Qd2 Nc6 9. O-O-O Nxd4 10. Bxd4 Be6 11. Kb1 a6 12. h4 h5 13. g4 hxg4 14. h5 Nxh5 15. Bxg7 Kxg7 16. Rxh5 Rh8 17. Rxh8 Qxh8 18. fxg4 Bxg4 19. Be2 Bxe2 20. Qxe2 Kg8 21. Qf3 Rc8 22. Rh1 Qg7 23. Nd5 Kf8 24. Qh3 Rc6 25. Qd7 f5 26. Qd8+ Kf7 27. Qxe7+ Kg8 28. Qe8+ Qf8 29. Rh8+ 1-0


[Site "https://www.chess.com"]

[Event "Titled Tuesday Blitz April 26 Early 2022"]
[White "Aaditya Dhingra"]
[Black "Minko, Dmitry"]
[WhiteFideId "25678191"]
[BlackFideId "24188468"]
[WhiteElo "1849"]
[BlackElo "1928"]
[Result "1-0"]
[Round "04"]
[TimeControl "180+1"]
[Date "2022.04.26"]
[WhiteClock "0:00:33"]
[BlackClock "0:00:16"]

1. d4 d5 2. c4 e6 3. Nc3 Be7 4. Nf3 Nf6 5. Bf4 O-O 6. e3 c5 7. dxc5 dxc4 8. Bxc4 Bxc5 9. Qe2 Qe7 10. Rd1 a6 11. a3 Rd8 12. Rxd8+ Qxd8 13. O-O b5 14. Rd1 Qb6 15. b4 Be7 16. Bb3 Bb7 17. Ne5 h6 18. h3 Nc6 19. Nd7 Nxd7 20. Rxd7 Bf8 21. Bc7 Qa7 22. Qh5 g6 23. Qf3 Nd8 24. Qf6 Bc6 25. Be5 1-0


[Site "https://www.chess.com"]

[Event "Titled Tuesday Blitz April 26 Early 2022"]
[White "Alekseenko, Kirill"]
[Black "Harikrishna, Pentala"]
[WhiteFideId "4135539"]
[BlackFideId "5007003"]
[WhiteElo "2682"]
[BlackElo "2574"]
[Result "1-0"]
[Round "04"]
[TimeControl "180+1"]
[Date "2022.04.26"]
[WhiteClock "0:00:43"]
[BlackClock "0:01:31"]

1. e4 e5 2. Nf3 Nc6 3. Bb5 a6 4. Ba4 Nf6 5. O-O Be7 6. Bxc6 dxc6 7. d3 Bg4 8. h3 Bxf3 9. Qxf3 Nd7 10. Nd2 Bg5 11. b3 O-O 12. Qe2 Re8 13. Bb2 Bxd2 14. Qxd2 Nc5 15. Qe3 b6 16. f4 exf4 17. Rxf4 f6 18. Raf1 Re6 19. Qg3 Nd7 20. Rg4 Re7 21. Rxf6 Nxf6 22. Bxf6 Qf8 23. Bxe7 Qxe7 24. Rf4 a5 25. a4 b5 26. Rf5 bxa4 27. bxa4 h6 28. Kh2 Kh7 29. Qe5 Qd6 30. h4 c5 31. Qxd6 cxd6 32. Rd5 Ra6 33. e5 dxe5 34. Rxc5 Re6 35. Rxa5 e4 36. Rb5 exd3 37. cxd3 Rd6 38. Rb3 Rd4 39. Ra3 Rxh4+ 40. Kg3 Rb4 41. a5 Rb7 42. a6 Ra7 43. Kf4 Kg6 44. Ke5 Kg5 45. Ra4 h5 46. Kd6 h4 47. Kc6 1-0


[Site "https://www.chess.com"]

[Event "Titled Tuesday Blitz April 26 Early 2022"]
[White "Ambartsumova, Karina"]
[Black "Sjugirov, Sanan"]
[WhiteFideId "4166299"]
[BlackFideId "4189302"]
[WhiteElo "2262"]
[BlackElo "2602"]
[Result "0-1"]
[Round "04"]
[TimeControl "180+1"]
[Date "2022.04.26"]
[WhiteClock "0:00:10"]
[BlackClock "0:00:51"]

1. d4 Nf6 2. Nf3 e6 3. c4 c5 4. g3 cxd4 5. Nxd4 d5 6. Bg2 e5 7. Nf3 d4 8. O-O Nc6 9. a3 a5 10. e3 Be7 11. exd4 exd4 12. Nbd2 O-O 13. Re1 Bf5 14. Ne5 Rc8 15. Ndf3 d3 16. Bf4 Re8 17. h3 h6 18. Rc1 Qb6 19. b3 Bxa3 20. Ra1 Bb4 21. Rf1 Nxe5 22. Nxe5 Bc3 23. g4 Bh7 0-1


[Site "https://www.chess.com"]

[Event "Titled Tuesday Blitz April 26 Early 2022"]
[White "Andreikin, Dmitry"]
[Black "Drygalov, Sergey"]
[WhiteFideId "4158814"]
[BlackFideId "24171743"]
[WhiteElo "2736"]
[BlackElo "2514"]
[Result "0-1"]
[Round "04"]
[TimeControl "180+1"]
[Date "2022.04.26"]
[WhiteClock "0:00:01"]
[BlackClock "0:00:18"]

1. d4 Nf6 2. c4 e6 3. Nf3 d5 4. Nc3 c6 5. g3 Nbd7 6. Bg2 dxc4 7. O-O b5 8. e4 Bb7 9. e5 Nd5 10. Ng5 h6 11. Nge4 Qb6 12. Be3 O-O-O 13. Qf3 f5 14. exf6 N7xf6 15. a4 a6 16. Nxf6 Nxf6 17. Rfe1 Bb4 18. Bf4 Rhe8 19. Be5 c5 20. Qxb7+ Qxb7 21. Bxb7+ Kxb7 22. axb5 cxd4 23. bxa6+ Ka8 24. Ra4 dxc3 25. Rxb4 c2 26. Rxc4 Rc8 27. Rxc8+ Rxc8 28. Rc1 Nd5 29. Bxg7 Nb4 30. Bc3 Rd8 31. Rxc2 Nxc2 32. g4 Nd4 33. Kg2 e5 34. h4 Rg8 35. f3 Ka7 36. h5 Kxa6 37. Bd2 e4 38. Bxh6 Nxf3 39. Kg3 Ne5 40. g5 e3 41. g6 Nxg6 42. Bxe3 Ne5+ 43. Kf4 Nf7 44. Kf5 Rg3 45. Bf4 Rf3 46. Kg4 Rf1 47. Be3 Kb5 48. b3 Kb4 49. Bd4 Kxb3 50. Bg7 Kc4 51. h6 Rh1 52. Kf5 Nxh6+ 53. Kg6 Ng4 54. Kg5 Ne3 55. Kf4 Nd5+ 56. Ke5 Re1+ 57. Kd6 Nf4 58. Be5 Rd1+ 59. Kc6 Ne6 60. Bf6 Nd4+ 61. Kd6 Nb5+ 62. Ke6 Re1+ 63. Be5 Nd4+ 64. Kd6 Nf5+ 65. Ke6 Ne3 66. Bg7 Ng2+ 67. Kd6 Nf4 68. Be5 Rd1+ 69. Kc6 Ne2 70. Bf6 Rf1 71. Be5 Nd4+ 72. Kd6 Rf5 0-1


[Site "https://www.chess.com"]

[Event "Titled Tuesday Blitz April 26 Early 2022"]
[White "Andrews, Todd"]
[Black "Pham, Le Thao Nguyen"]
[WhiteFideId "2012456"]
[BlackFideId "12401226"]
[WhiteElo "2349"]
[BlackElo "2271"]
[Result "0-1"]
[Round "04"]
[TimeControl "180+1"]
[Date "2022.04.26"]
[WhiteClock "0:00:37"]
[BlackClock "0:00:08"]

1. e4 c5 2. Nf3 e6 3. d4 cxd4 4. Nxd4 a6 5. c4 Nf6 6. Nc3 Bb4 7. Bd3 Qc7 8. Ne2 Nc6 9. Bf4 Ne5 10. O-O O-O 11. Rc1 Be7 12. Bg3 d6 13. b3 b6 14. Bb1 Nh5 15. h3 Nxg3 16. Nxg3 Bb7 17. f4 Nd7 18. Kh2 Rad8 19. Qh5 g6 20. Qh6 Bf6 21. f5 Bg7 22. Qh4 Nf6 23. fxe6 fxe6 24. e5 dxe5 25. Nce4 Nxe4 26. Bxe4 Rf4 27. Rxf4 exf4 28. Bxb7 fxg3+ 29. Kh1 Qd7 30. Rf1 Rf8 31. Rxf8+ Bxf8 32. Qg4 Qxb7 33. Qxe6+ Qf7 34. Qe1 Qf2 35. Qe6+ Kg7 36. Qd7+ Kh8 37. Qd1 a5 38. a3 Bxa3 39. Qb1 Bc5 40. Qd1 Kg8 41. Qd5+ Kg7 42. Qd7+ Kh6 43. Qd1 Be3 44. Qb1 Bd2 45. Qg1 Qxg1+ 46. Kxg1 Kg5 47. Kf1 Kf4 48. Ke2 Bb4 49. Kd3 Bc5 50. Ke2 Ke4 51. Kd2 Bb4+ 52. Ke2 g5 0-1


[Site "https://www.chess.com"]

[Event "Titled Tuesday Blitz April 26 Early 2022"]
[White "Antonio, Jorge Carlos"]
[Black "Jones, Daniel"]
[WhiteFideId "113190"]
[BlackFideId "2019655"]
[WhiteElo "2247"]
[BlackElo "2330"]
[Result "1-0"]
[Round "04"]
[TimeControl "180+1"]
[Date "2022.04.26"]
[WhiteClock "0:01:14"]
[BlackClock "0:00:04"]

1. d4 Nf6 2. Bf4 c5 3. e3 d6 4. Nf3 cxd4 5. exd4 g6 6. c4 Bg7 7. Be2 O-O 8. h4 h5 9. Nc3 Bg4 10. d5 Nbd7 11. Rc1 Rc8 12. O-O a6 13. Ng5 Rxc4 14. g3 Rb4 15. b3 Qa5 16. Re1 Rc8 17. Bxg4 Nxg4 18. Rxe7 Rxf4 19. gxf4 Rxc3 20. Rxc3 Qxc3 21. Rxd7 Bd4 22. Kg2 Bxf2 23. Rd8+ Kg7 24. Ne4 Qe3 25. Qf3 Qe1 26. Nxf2 Ne3+ 27. Kh2 Nf1+ 28. Kh3 Ne3 29. Ne4 Ng4 30. Qc3+ f6 31. Qxe1 1-0


[Site "https://www.chess.com"]

[Event "Titled Tuesday Blitz April 26 Early 2022"]
[White "Arabidze, Meri"]
[Black "Paravyan, David"]
[WhiteFideId "13604040"]
[BlackFideId "4194985"]
[WhiteElo "2335"]
[BlackElo "2569"]
[Result "0-1"]
[Round "04"]
[TimeControl "180+1"]
[Date "2022.04.26"]
[WhiteClock "0:00:13"]
[BlackClock "0:01:00"]

1. Nf3 Nf6 2. g3 c5 3. Bg2 Nc6 4. O-O e5 5. c4 d5 6. cxd5 Nxd5 7. Nc3 Be6 8. d3 Be7 9. Bd2 O-O 10. Nxd5 Bxd5 11. Bc3 Qd6 12. Rc1 b5 13. b3 a6 14. Nd2 Bxg2 15. Kxg2 f5 16. Bb2 Kh8 17. Kg1 Bg5 18. Ba3 Nb4 19. Bxb4 cxb4 20. Rc2 Rad8 21. Nf3 Bh6 22. Nh4 e4 23. Qe1 exd3 24. exd3 Qxd3 25. Rc6 Bg5 26. Ng2 f4 27. f3 fxg3 28. Qxg3 Bf6 29. Rxa6 Bd4+ 0-1


[Site "https://www.chess.com"]

[Event "Titled Tuesday Blitz April 26 Early 2022"]
[White "Aradhya, Garg"]
[Black "Sargissyan, Sargis"]
[WhiteFideId "25006746"]
[BlackFideId "13303210"]
[WhiteElo "2169"]
[BlackElo "2174"]
[Result "1-0"]
[Round "04"]
[TimeControl "180+1"]
[Date "2022.04.26"]
[WhiteClock "0:02:14"]
[BlackClock "0:00:29"]

1. d4 Nf6 2. c4 g6 3. g3 c6 4. Bg2 d5 5. Nf3 Bg7 6. O-O O-O 7. Nbd2 Bf5 8. b3 Ne4 9. Bb2 Nd7 10. Nh4 Nxd2 11. Qxd2 Be6 12. e4 dxc4 13. d5 Bxb2 14. Qxb2 cxd5 15. exd5 Bf5 16. Nxf5 gxf5 17. bxc4 Qc7 18. Rfe1 Nc5 19. Qd2 Qd6 20. Qg5+ Qg6 21. Qxe7 Rac8 22. d6 Rfe8 23. d7 Nxd7 24. Qxd7 Red8 25. Qxb7 Rxc4 26. Rad1 1-0


[Site "https://www.chess.com"]

[Event "Titled Tuesday Blitz April 26 Early 2022"]
[White "Asavasaetakul, Chawit"]
[Black "Kaminski, Victor"]
[WhiteFideId "6204856"]
[BlackFideId "1131630"]
[WhiteElo "1697"]
[BlackElo "2181"]
[Result "1/2-1/2"]
[Round "04"]
[TimeControl "180+1"]
[Date "2022.04.26"]
[WhiteClock "0:00:31"]
[BlackClock "0:00:12"]

1. e4 e5 2. Nf3 Nc6 3. Nc3 Nf6 4. d4 exd4 5. Nxd4 Bb4 6. Nxc6 bxc6 7. Bd3 d5 8. exd5 O-O 9. O-O Bg4 10. f3 Bh5 11. dxc6 Qd4+ 12. Kh1 Bxc3 13. bxc3 Qxc3 14. Bf4 Qxc6 15. Qd2 Bg6 16. Rfe1 Rad8 17. Be5 Nd7 18. Bg3 Nc5 19. Re3 Nxd3 20. cxd3 Qa6 21. d4 Rd7 22. Rc1 h6 23. Rec3 Rfd8 24. Bf2 Qb7 25. h3 Kh7 26. Qf4 Qb2 27. Bg1 Qxa2 28. Rxc7 Rxc7 29. Rxc7 Re8 30. h4 Re1 31. Rc5 Qf2 32. Qh2 Rxg1+ 33. Qxg1 Qxh4+ 34. Qh2 Qe1+ 35. Qg1 Qh4+ 36. Qh2 Qe1+ 37. Qg1 Qh4+ 1/2-1/2


[Site "https://www.chess.com"]

[Event "Titled Tuesday Blitz April 26 Early 2022"]
[White "Atakhan, Abtin"]
[Black "Tymrakiewicz, Rafal"]
[WhiteFideId "22502203"]
[BlackFideId "1108832"]
[WhiteElo "2094"]
[BlackElo "2205"]
[Result "1-0"]
[Round "04"]
[TimeControl "180+1"]
[Date "2022.04.26"]
[WhiteClock "0:00:03"]
[BlackClock "0:00:02"]

1. c4 Nf6 2. g3 c6 3. Bg2 d5 4. Nf3 g6 5. O-O Bg7 6. b3 d4 7. Bb2 c5 8. e3 Nc6 9. exd4 cxd4 10. Re1 O-O 11. d3 Nd7 12. a3 a5 13. Nbd2 e5 14. Ne4 Qe7 15. Qc2 f6 16. c5 Rd8 17. Nd6 Nxc5 18. Nxc8 Raxc8 19. Qc4+ Kh8 20. Rac1 Bf8 21. Qc2 Qf7 22. Nd2 b5 23. Bxc6 Rxc6 24. b4 axb4 25. axb4 Ne4 26. Qxc6 Nxd2 27. Rcd1 Rd6 28. Qxb5 Nf3+ 29. Kg2 Nxe1+ 30. Rxe1 Qd5+ 31. Qxd5 Rxd5 32. Ba3 f5 33. Kf3 Rb5 34. Rc1 Rb7 35. Re1 Bd6 36. Rc1 Kg7 37. Rc4 Kf7 38. h4 Ke6 39. g4 Kd5 40. gxf5 gxf5 41. Rc1 e4+ 42. Ke2 Rc7 43. Rxc7 Bxc7 44. b5 Bd6 45. Bxd6 Kxd6 46. dxe4 fxe4 47. f3 e3 48. f4 Kc5 49. f5 Kc4 50. f6 Kc3 51. f7 d3+ 52. Kxe3 d2 53. f8=Q d1=Q 54. Qc5+ Kb3 55. Qg5 Qc1+ 56. Ke4 Qc4+ 57. Kf3 Qf1+ 58. Kg4 Qe2+ 59. Kf5 Qxb5+ 60. Kf6 Qd7 61. h5 Kc4 62. h6 Qd6+ 63. Kg7 Qd7+ 64. Kh8 Kd4 65. Qg7+ 1-0


[Site "https://www.chess.com"]

[Event "Titled Tuesday Blitz April 26 Early 2022"]
[White "Atanejhad, Sahebali"]
[Black "Tanenbaum, Zachary"]
[WhiteFideId "12506664"]
[BlackFideId "2060850"]
[WhiteElo "1953"]
[BlackElo "2168"]
[Result "0-1"]
[Round "04"]
[TimeControl "180+1"]
[Date "2022.04.26"]
[WhiteClock "0:00:04"]
[BlackClock "0:01:33"]

1. d4 d5 2. c4 Bf5 3. Nf3 e6 4. Nc3 c6 5. e3 Nd7 6. h3 Ngf6 7. Nh4 Be4 8. Nxe4 dxe4 9. g3 Bd6 10. Be2 Qc7 11. O-O Bxg3 12. fxg3 Qxg3+ 13. Ng2 Qxh3 14. Qe1 g5 15. Qf2 h5 16. Bd2 O-O-O 17. Bc3 Ng4 18. Bxg4 hxg4 19. Qc2 g3 20. Nh4 Rxh4 21. Qg2 Qg4 22. d5 Rh2 23. Qxh2 gxh2+ 24. Kxh2 e5 0-1


[Site "https://www.chess.com"]

[Event "Titled Tuesday Blitz April 26 Early 2022"]
[White "Avalos Parra, Joao"]
[Black "De Arruda, Leandro Formes"]
[WhiteFideId "3402541"]
[BlackFideId "22722009"]
[WhiteElo "2173"]
[BlackElo "1852"]
[Result "1-0"]
[Round "04"]
[TimeControl "180+1"]
[Date "2022.04.26"]
[WhiteClock "0:02:43"]
[BlackClock "0:02:34"]

1. d4 d5 2. c4 e6 3. Nf3 Nf6 4. g3 c6 5. Bg2 Be7 6. O-O O-O 7. Qc2 Ne4 8. Rd1 f5 9. Ne5 Nd7 10. Nd3 Bf6 11. e3 Qe8 12. f3 Ng5 13. b3 Qh5 14. Qf2 Nh3+ 15. Bxh3 Qxh3 16. Nf4 Nb6 17. Nxh3 1-0


[Site "https://www.chess.com"]

[Event "Titled Tuesday Blitz April 26 Early 2022"]
[White "Avazkhonov, Alikhon"]
[Black "Wagner, Dennis"]
[WhiteFideId "14208504"]
[BlackFideId "24650684"]
[WhiteElo "1739"]
[BlackElo "2355"]
[Result "0-1"]
[Round "04"]
[TimeControl "180+1"]
[Date "2022.04.26"]
[WhiteClock "0:00:09"]
[BlackClock "0:00:58"]

1. f4 g6 2. Nf3 Bg7 3. g3 d6 4. Bg2 Nc6 5. O-O e5 6. Nc3 Nge7 7. d3 O-O 8. e4 Rb8 9. Qe1 b5 10. f5 b4 11. Nd1 gxf5 12. Nh4 Nd4 13. Ne3 f4 14. gxf4 exf4 15. Rxf4 Ng6 16. Nxg6 fxg6 17. Rxf8+ Qxf8 18. Qd1 Be6 19. Bd2 Be5 20. Ng4 Bf4 21. Nf2 Bxh2+ 22. Kxh2 Qxf2 23. c3 bxc3 24. Bxc3 Ne2 25. Qd2 Qh4+ 0-1


[Site "https://www.chess.com"]

[Event "Titled Tuesday Blitz April 26 Early 2022"]
[White "Bachmann, Axel"]
[Black "Fajdetic, Hrvoje"]
[WhiteFideId "3700488"]
[BlackFideId "14501945"]
[WhiteElo "2587"]
[BlackElo "2172"]
[Result "0-1"]
[Round "04"]
[TimeControl "180+1"]
[Date "2022.04.26"]
[WhiteClock "0:00:02"]
[BlackClock "0:00:44"]

1. d4 e6 2. c4 f5 3. Nf3 Nf6 4. g3 Be7 5. Bg2 O-O 6. O-O d6 7. b3 Ne4 8. Bb2 Bf6 9. Nfd2 Nxd2 10. Nxd2 Nc6 11. e3 e5 12. d5 Nb4 13. Nb1 a5 14. a3 Na6 15. Nc3 Qe8 16. Nb5 Bd8 17. b4 Qg6 18. c5 f4 19. exf4 exf4 20. cxd6 cxd6 21. Nd4 Bb6 22. Qb3 fxg3 23. hxg3 Bd7 24. Ne6 Rf7 25. Rac1 axb4 26. axb4 Rc8 27. Rxc8+ Bxc8 28. Qc3 Bd7 29. Kh2 Bxe6 30. dxe6 Qxe6 0-1


[Site "https://www.chess.com"]

[Event "Titled Tuesday Blitz April 26 Early 2022"]
[White "Banusz, Tamas"]
[Black "Esipenko, Andrey"]
[WhiteFideId "722413"]
[BlackFideId "24175439"]
[WhiteElo "2602"]
[BlackElo "2617"]
[Result "0-1"]
[Round "04"]
[TimeControl "180+1"]
[Date "2022.04.26"]
[WhiteClock "0:00:08"]
[BlackClock "0:00:33"]

1. d4 d5 2. Nf3 Nf6 3. g3 b5 4. Bg2 Bb7 5. O-O e6 6. a4 b4 7. c4 bxc3 8. Nxc3 Nbd7 9. a5 Ba6 10. Re1 Bb4 11. Qa4 Rb8 12. Ne5 Bxc3 13. bxc3 Bb5 14. Qc2 O-O 15. c4 dxc4 16. Nc6 Bxc6 17. Bxc6 e5 18. d5 e4 19. Be3 Ne5 20. Bxa7 Rb3 21. Bc5 Qc8 22. Kg2 Rd8 23. a6 Nf3 24. Qxc4 Nh4+ 25. gxh4 Qh3+ 26. Kg1 Ng4 27. f3 Qxh2+ 28. Kf1 Qh1+ 29. Bg1 Qh3# 0-1


[Site "https://www.chess.com"]

[Event "Titled Tuesday Blitz April 26 Early 2022"]
[White "Bortnyk, Olexandr"]
[Black "Seemann, Jakub"]
[WhiteFideId "14120828"]
[BlackFideId "21874697"]
[WhiteElo "2723"]
[BlackElo "2003"]
[Result "1-0"]
[Round "04"]
[TimeControl "180+1"]
[Date "2022.04.26"]
[WhiteClock "0:01:10"]
[BlackClock "0:00:01"]

1. e4 e6 2. d4 d5 3. Nc3 dxe4 4. Nxe4 Nd7 5. Bd3 Ngf6 6. Qe2 c5 7. Nf3 cxd4 8. O-O Be7 9. Nxd4 O-O 10. c3 a6 11. Rd1 Qc7 12. Bg5 h6 13. Bh4 Re8 14. Bg3 Qb6 15. a4 Nxe4 16. Bxe4 Nf6 17. a5 Qa7 18. Bf3 Bd7 19. Be5 Rac8 20. b4 Nd5 21. Bxd5 exd5 22. Qf3 Bxb4 23. Bxg7 Kxg7 24. cxb4 Re4 25. Qg3+ Kh7 26. Qd6 Rxd4 27. Qxd7 Rf8 28. Qf5+ Kg8 29. Qf6 Rxd1+ 30. Rxd1 Re8 31. Qxh6 Qd4 32. Qg5+ Kh7 33. Qh5+ Kg8 34. h4 Qxb4 35. Qg5+ Kh7 36. Rxd5 Qe1+ 37. Kh2 Qe6 38. Qd2 Kg8 39. Rg5+ Kf8 40. Qb4+ Re7 41. Qd4 Ke8 42. Rg8# 1-0


[Site "https://www.chess.com"]

[Event "Titled Tuesday Blitz April 26 Early 2022"]
[White "Brodowski, Piotr"]
[Black "Gschnitzer, Adrian"]
[WhiteFideId "1124480"]
[BlackFideId "1270337"]
[WhiteElo "2422"]
[BlackElo "2294"]
[Result "1-0"]
[Round "04"]
[TimeControl "180+1"]
[Date "2022.04.26"]
[WhiteClock "0:02:08"]
[BlackClock "0:02:17"]

1. e4 c6 2. Nc3 d5 3. Nf3 Bg4 4. h3 Bxf3 5. Qxf3 e6 6. d3 Nd7 7. Qg3 Qb8 8. Bf4 e5 9. Bd2 d4 10. Ne2 Qc7 11. Nxd4 Qb6 12. Nb3 O-O-O 13. Bc3 f6 14. O-O-O Ne7 15. d4 Ng6 16. Bc4 Bd6 17. d5 Nc5 18. dxc6 Nxe4 19. Qg4+ 1-0


[Site "https://www.chess.com"]

[Event "Titled Tuesday Blitz April 26 Early 2022"]
[White "Buchenau, Frank"]
[Black "Srebrnic, Marko"]
[WhiteFideId "4604350"]
[BlackFideId "14603616"]
[WhiteElo "2193"]
[BlackElo "2340"]
[Result "0-1"]
[Round "04"]
[TimeControl "180+1"]
[Date "2022.04.26"]
[WhiteClock "0:00:01"]
[BlackClock "0:00:08"]

1. e4 c5 2. Nf3 Nc6 3. Bb5 g6 4. Bxc6 dxc6 5. d3 Bg7 6. O-O Nf6 7. a4 Nd7 8. Nc3 Nf8 9. Be3 Ne6 10. Qd2 O-O 11. Bh6 b6 12. Bxg7 Kxg7 13. a5 b5 14. Ne2 f6 15. c3 a6 16. d4 Bb7 17. Rfd1 Qc7 18. Qe3 Rad8 19. dxc5 Rxd1+ 20. Rxd1 Qxa5 21. b4 Qc7 22. Ned4 Bc8 23. h4 h6 24. h5 Nf4 25. hxg6 Rd8 26. e5 Nd5 27. exf6+ exf6 28. Ne6+ Bxe6 29. Qxe6 Qd7 30. Qxd7+ Rxd7 31. Nh4 Ra7 32. Rd3 a5 33. bxa5 Rxa5 34. Rg3 Ne7 35. Re3 Nd5 36. Re6 Ra1+ 37. Kh2 Rc1 38. Rxc6 Rxc3 39. g3 Rc2 40. Kg1 b4 41. Nf5+ Kxg6 42. Nd4 Rc1+ 43. Kg2 Rc4 44. Nb3 Rc3 45. Nd4 Rd3 46. Ne6 b3 47. Rc8 Kf7 48. Nd8+ Kg6 49. Rb8 h5 50. c6 h4 51. Ne6 hxg3 52. fxg3 Rd2+ 53. Kh3 Kf5 54. c7 Nxc7 55. Nxc7 b2 56. Na6 Rc2 57. Rb5+ Kg6 0-1


[Site "https://www.chess.com"]